 Dungeon Crawl Stone Soup version 0.21-a0-634-gaf8bc5d (webtiles) character file.

991 VirginKiller the Ducker (level 7, -12/51 HPs)
             Began as a Demigod Transmuter on Dec 29, 2017.
             Mangled by mtoz's ghost (15 damage)
             ... on level 6 of the Dungeon.
             The game lasted 00:35:15 (3380 turns).

VirginKiller the Ducker (Demigod Transmuter)        Turns: 3380, Time: 00:35:15

Health: -12/51     AC:  2    Str: 13    XL:     7   Next: 66%
Magic:  3/12       EV: 29    Int: 17    God:
Gold:   283        SH:  0    Dex: 25    Spells: 3/9 levels left

rFire    . . .     SeeInvis .     - Unarmed
rCold    . . .     Gourm    .   (shield currently unavailable)
rNeg     . . .     Faith    .   (armour currently unavailable)
rPois    x         Spirit   .   (helmet currently unavailable)
rElec    .         Reflect  .   (cloak currently unavailable)
rCorr    .         Harm     .   (gloves currently unavailable)
MR       .....     Rnd*Tele +   (boots currently unavailable)
Stlth    ++........             (no amulet)
HPRegen  0.17/turn              (no ring)
MPRegen  0.13/turn              (no ring)

@: spider-form (expiring)
A: tiny, blurry vision 1, high mp 1, teleportitis 1, wild magic 1
a: End Transformation


You were on level 6 of the Dungeon.
You were hungry.
You were a venomous arachnid creature.
You visited 1 branch of the dungeon, and saw 6 of its levels.

You collected 283 gold pieces.

Inventory:

Missiles
 a - 39 arrows
 e - 6 javelins (quivered)
 i - 2 tomahawks of dispersal
 l - 24 poisoned needles
Armour
 b - a +0 robe (melded)
 o - a +0 cloak (melded)
 D - a +0 pair of boots (melded)
Scrolls
 f - a scroll of remove curse
 h - 2 scrolls of identify {unknown}
 j - 2 scrolls of noise {unknown}
 m - a scroll of random uselessness {unknown}
 n - a scroll of fog {unknown}
 p - 3 scrolls of teleportation {unknown}
 s - a scroll of immolation {unknown}
 v - 2 scrolls of blinking {unknown}
 y - a scroll of amnesia {unknown}
 A - a scroll of enchant weapon {unknown}
 C - a scroll of magic mapping {unknown}
Potions
 g - a potion of heal wounds {unknown}
 q - a potion of invisibility {unknown}
 r - 2 potions of curing
 u - a potion of might {unknown}
 w - a potion of brilliance {unknown}
 x - 2 potions of flight {unknown}
 z - a potion of agility {unknown}
 B - a potion of haste
Books
 c - a book of Changes

   Spells                             Type                      Level
   a - Beastly Appendage              Transmutation                1
   b - Sticks to Snakes               Transmutation                2
   c - Spider Form                    Transmutation/Poison         3
   d - Ice Form                       Ice/Transmutation            4
   e - Blade Hands                    Transmutation                5
Comestibles
 d - 7 rations
 k - 3 chunks of flesh


   Skills:
 - Level 0.8 Fighting
 - Level 7.4 Dodging
 - Level 2.6 Unarmed Combat
 - Level 1.7 Spellcasting
 * Level 4.0 Transmutations
 - Level 2.0 Poison Magic


You had 3 spell levels left.
You knew the following spells:

 Your Spells              Type           Power        Failure   Level  Hunger
a - Beastly Appendage     Tmut           ###...       17%         1    #......
b - Spider Form           Tmut/Pois      ###.......   45%         3    ###....
c - Sticks to Snakes      Tmut           ###.....     22%         2    ###....


Dungeon Overview and Level Annotations

Branches:
Dungeon (6/15)
 Temple: D:4-7

Annotations:
D:6 mtoz's ghost, novice MiBe


Innate Abilities, Weirdness & Mutations

You have an increased reservoir of magic. (+10% MP)
((You have a pair of antennae on your head.))
Scrolls take you a little longer to read.
((Your flesh is cold resistant. (rC+)))
You are occasionally teleported next to monsters.
Your spells are a little harder to cast, but a little more powerful.


Message History

Mtoz's ghost is almost destroyed.
Mtoz's ghost barely misses you.
You hit mtoz's ghost but do no damage.
Mtoz's ghost is almost destroyed.
Mtoz's ghost completely misses you.
Okay, then.
You hit mtoz's ghost.
Mtoz's ghost is almost destroyed.
Mtoz's ghost completely misses you.
You barely miss mtoz's ghost.
Mtoz's ghost is almost destroyed.
Mtoz's ghost hits you!
* * * LOW HITPOINT WARNING * * *
You barely miss mtoz's ghost.
Mtoz's ghost is almost destroyed.
Mtoz's ghost completely misses you.
You barely miss mtoz's ghost.
Mtoz's ghost is almost destroyed.
Mtoz's ghost hits you!
You die...

#.##..............###..
##.#...................
#...............###.#
##...................
#............#####..
#............# #..
####..####...## #..
###W...(.....####..
#.s................
#.######.#.#.####.. #.
#####.#.#.####.. #.
..............). ##
#####..........#
####........ #.#######
#.# #.#


You could see mtoz's ghost.

Vanquished Creatures
  The ghost of anything the Cutter, an amateur DgAs (D:3)
  Eustachio (D:6)
  An ogre (D:2)
  A bullfrog (D:6)
  A scorpion (D:4)
  2 orc priests
  2 hounds (D:4)
  Crazy Yiuf (D:6)
  Jessica (D:3)
  Natasha (D:2)
  2 iguanas
  A howler monkey zombie (D:5)
  4 gnolls
  5 adders
  A shadow imp (D:6)
  An adder skeleton (D:4)
  2 worms (D:4)
  13 dart slugs
  4 leopard geckos
  18 orcs
  2 ball pythons
  5 bats
  6 giant cockroaches
  7 goblins
  5 hobgoblins
  4 jackals (D:6)
  5 kobolds
  4 quokkas
  3 frilled lizards
  3 rats
107 creatures vanquished.

Vanquished Creatures (collateral kills)
  2 gnolls (D:3)
  A shadow imp (D:5)
  A worm (D:4)
  A quokka (D:3)
  A fungus (D:6)
6 creatures vanquished.

Grand Total: 113 creatures vanquished

Notes
Turn   | Place    | Note
-------+----------+-------------------------------------------
     0 | D:1      | VirginKiller the Demigod Transmuter began the quest for the Orb.
     0 | D:1      | Reached XP level 1. HP: 15/15 MP: 5/5
   279 | D:1      | Reached XP level 2. HP: 22/22 MP: 5/7
   514 | D:2      | Noticed Natasha
   547 | D:2      | Found a faded altar of an unknown god.
   880 | D:2      | Noticed an ogre
   885 | D:2      | Reached XP level 3. HP: 19/27 MP: 6/8
   956 | D:3      | Learned a level 3 spell: Spider Form
   977 | D:3      | Noticed Jessica
   984 | D:3      | Killed Jessica
   984 | D:3      | Reached skill level 1 in Poison Magic
  1066 | D:3      | Reached XP level 4. HP: 20/34 MP: 4/9
  1188 | D:2      | Killed an ogre
  1188 | D:2      | Reached skill level 3 in Dodging
  1188 | D:2      | Reached XP level 5. HP: 38/39 MP: 3/10
  1288 | D:3      | Noticed anything's ghost (amateur DgAs)
  1335 | D:2      | Learned a level 2 spell: Sticks to Snakes
  1396 | D:2      | Killed Natasha
  1396 | D:2      | Reached skill level 4 in Dodging
  1602 | D:3      | Killed anything's ghost
  1602 | D:3      | Reached skill level 5 in Dodging
  1602 | D:3      | Reached XP level 6. HP: 25/46 MP: 3/11
  2049 | D:4      | Reached skill level 6 in Dodging
  2211 | D:4      | Reached XP level 7. HP: 49/51 MP: 7/12
  2554 | D:5      | Entered Level 5 of the Dungeon
  2781 | D:5      | Gained mutation: Armour fits poorly on your strangely shaped body. [potion of mutation]
  2781 | D:5      | Gained mutation: You have a pair of small antennae on your head. [potion of mutation]
  2781 | D:5      | Gained mutation: You are weak. (Str -2) [potion of mutation]
  2781 | D:5      | Gained mutation: Your flesh is cold resistant. (rC+) [potion of mutation]
  2782 | D:5      | Lost mutation: Armour fits poorly on your strangely shaped body. [potion of mutation]
  2782 | D:5      | Lost mutation: You are weak. (Str -2) [potion of mutation]
  2782 | D:5      | Gained mutation: You are occasionally teleported next to monsters. [potion of mutation]
  2782 | D:5      | Gained mutation: Your spells are a little harder to cast, but a little more powerful. [potion of mutation]
  2782 | D:5      | Gained mutation: Scrolls take you a little longer to read. [potion of mutation]
  2782 | D:5      | Gained mutation: You have a pair of antennae on your head. [potion of mutation]
  2944 | D:5      | Reached skill level 7 in Dodging
  3017 | D:6      | Noticed Eustachio
  3038 | D:6      | Killed Eustachio
  3076 | D:6      | Found a runed door.
  3086 | D:6      | Noticed Crazy Yiuf
  3091 | D:6      | Killed Crazy Yiuf
  3099 | D:6      | Got a shimmering mace
  3139 | D:6      | Identified the cursed +1 mace "Jilirrin" {protect, *Noise rPois rF++ rN+} (You found it on level 6 of the Dungeon)
  3300 | D:6      | Noticed mtoz's ghost (novice MiBe)
  3380 | D:6      | Mangled by mtoz's ghost

Vault maps used:
D:1:      dpeg_arrival_boxorama
D:2:      chequers_ecumenical_altar_simple, kennysheep_pointless_box,
          minmay_pentomino_p4, uniq_natasha
D:3:      first_ration, minmay_surrounded, uniq_jessica
D:4:      kennysheep_slugbush
D:5:      tso_altar
D:6:      uniq_eustachio, uniq_crazy_yiuf_cottage

Skill      XL: |  1  2  3  4  5  6  7 |
---------------+----------------------+-----
Transmutations | 2 3 4 |  4.0
Poison Magic   | 2 |  2.0
Dodging        | 3 5 6 7 |  7.4
Fighting       | |  0.8
Unarmed Combat | |  2.6
Spellcasting   | |  1.7

Action                   |  1- 3 |  4- 6 |  7- 9 || total
-------------------------+-------+-------+-------++-------
Melee: Unarmed           |    81 |   118 |   195 ||   394
       Kick              |    12 |       |       ||    12
       Headbutt          |     6 |       |       ||     6
       Punch             |     1 |       |     1 ||     2
Throw: Javelin           |     1 |     4 |       ||     5
 Cast: Beastly Appendage |    21 |       |       ||    21
       Spider Form       |     5 |    22 |    18 ||    45
       Sticks to Snakes  |       |     9 |    11 ||    20
  Use: Potion            |       |     1 |     6 ||     7
       Scroll            |       |       |     3 ||     3
 Stab: Sleeping          |     1 |     2 |     1 ||     4
       Distracted        |       |     1 |     3 ||     4
  Eat: Chunk             |     1 |     9 |     7 ||    17
Armor: Robe              |    32 |     1 |       ||    33
       Skin              |     1 |    37 |    24 ||    62
Dodge: Dodged            |    84 |    87 |   122 ||   293

Table legend:
 A = Spawn XP
 B = Non-spawn XP
 C = Spawn XP percentage of total XP
 D = Spawn monster count
 E = Non-spawn monster count
 F = Spawn count percentage of total count
 G = Total turns spent on level
                    A         B        C        D         E        F      G
               +---------+---------+-------+---------+---------+-------+---------
         Total |       0 |    1417 |   0.0 |       0 |     112 |   0.0 |  3380
               +---------+---------+-------+---------+---------+-------+---------
           D:1 |       0 |      26 |   0.0 |       0 |      12 |   0.0 |   545
           D:2 |       0 |     194 |   0.0 |       0 |      17 |   0.0 |   823
           D:3 |       0 |     447 |   0.0 |       0 |      31 |   0.0 |   593
           D:4 |       0 |     356 |   0.0 |       0 |      32 |   0.0 |   593
           D:5 |       0 |      90 |   0.0 |       0 |      10 |   0.0 |   427
           D:6 |       0 |     304 |   0.0 |       0 |      10 |   0.0 |   399
               +---------+---------+-------+---------+---------+-------+---------
